Map: Lightshade LE

Players

llllllllllll

  • Race: Terran Terran
  • League: Diamond
  • Spawn Location: 5:00

Pumba - Winner!

  • Race: Zerg Zerg
  • League: Diamond
  • Spawn Location: 11:00

VOD

Have the link to the VOD?

Description

Time

  • Played on: Aug. 24, 2021, 5:35 p.m.
  • Length: 14:36
Show
View Real Time Build Order
Export as new Build Order

llllllllllll Terran 

Build Orders: 2 Factory, Mech 

Get SALT Encoding   

  12  0:00  SCV  
  13  0:12  SCV  
  14  0:17  Supply Depot  
  14  0:25  SCV  
  15  0:32  Refinery  
  15  0:39  SCV  
  16  0:44  Barracks  
  16  0:51  SCV  
  17  1:03  SCV  
  18  1:15  SCV  
  19  1:31  Orbital Command  
  19  1:38  Command Center  
  19  1:49  Factory  
  19  1:55  Barracks Reactor  
  19  1:57  SCV  
  20  2:06  Refinery  
  20  2:12  SCV  
  20  2:15  Supply Depot  
  20  2:25  SCV  
  21  2:33  Marine x2  
  21  2:35  Factory Tech Lab  
  21  2:37  SCV  
  24  2:40  Bunker  
  24  2:49  SCV  
  24  2:51  Orbital Command  
  25  2:56  Siege Tank  
  28  3:01  SCV  
  29  3:16  Factory  
  29  3:17  Marine x2  
  29  3:19  Orbital Command  
  31  3:21  SCV  
  32  3:34  SCV  
  33  3:43  Siege Tank  
  33  3:44  SCV  
  33  3:46  Factory  
  37  3:56  Refinery  
  37  3:58  SCV  
  37  4:00  SCV  
  37  4:02  Factory Tech Lab  
  39  4:12  SCV  
  39  4:13  Supply Depot  
  40  4:19  Cyclone  
  43  4:27  SCV  
  43  4:28  Refinery  
  43  4:30  Siege Tank  
  47  4:31  Hellion  
  47  4:32  Hellion  
  51  4:39  SCV  
  51  4:40  SCV  
  51  4:41  Armory  
  53  4:51  SCV  
  54  4:53  Supply Depot  
  54  5:03  SCV  
  55  5:10  Hellion x2  
  55  5:11  Siege Tank x2  
  65  5:14  SCV  
  65  5:15  SCV  
  67  5:31  Hellion  
  67  5:32  Hellion  
  67  5:35  SCV  
  72  5:39  Terran Vehicle Weapons Level 1  
  72  5:47  Siege Tank  
  75  5:53  Hellion  
  77  6:06  SCV  
  78  6:20  Engineering Bay  
  78  6:25  Thor  
  78  6:26  Supply Depot, Hellion  
  86  6:47  SCV  
  86  6:48  Hellbat x2  
  65  7:14  SCV  
  58  7:16  Siege Tank x2, Hellbat x2  
  58  7:20  Missile Turret  
  65  7:24  Missile Turret  
  65  7:26  SCV  
  66  7:32  SCV  
  66  7:34  Factory  
  66  7:35  Terran Vehicle And Ship Armor Level 1, Command Center  
  67  7:37  Missile Turret  
  67  7:38  Hellbat  
  67  7:39  SCV, Hellbat  
  72  7:48  SCV  
  72  7:49  Missile Turret  
  72  7:51  SCV  
  74  7:56  Thor  
  80  8:02  SCV  
  80  8:03  SCV  
  80  8:05  Missile Turret  
  82  8:09  Siege Tank  
  82  8:10  Factory  
  85  8:16  Supply Depot  
  85  8:18  Factory Tech Lab  
  85  8:25  Hellbat x2  
  89  8:27  SCV  
  90  8:37  Infernal Pre-Igniter  
  90  8:38  Thor  
  90  8:39  Siege Tank  
  90  8:40  SCV  
  100  8:47  Siege Tank  
  103  8:48  Supply Depot  
  103  8:50  Orbital Command  
  103  8:52  Supply Depot  
  103  8:56  SCV  
  103  9:00  Missile Turret, Factory Tech Lab  
  104  9:10  SCV  
  104  9:11  Armory, Siege Tank  
  104  9:14  Hellbat  
  104  9:15  SCV  
  110  9:35  Thor x2  
  110  9:37  Terran Vehicle Weapons Level 2  
  122  9:42  Missile Turret, Hi-Sec Auto Tracking  
  122  9:43  Orbital Command  
  122  9:45  SCV  
  123  9:49  SCV  
  124  10:01  Supply Depot  
  124  10:07  SCV, Siege Tank, Hellbat x2  
  132  10:21  Refinery  
  132  10:34  Factory Tech Lab  
  132  10:37  SCV  
  132  10:40  SCV, Factory  
  134  10:43  Missile Turret  
  134  10:45  Supply Depot  
  134  10:46  Siege Tank x2  
  134  10:49  SCV  
  141  10:54  Terran Vehicle And Ship Armor Level 2  
  141  10:55  Refinery  
  141  10:57  Supply Depot x2  
  141  11:01  SCV  
  142  11:12  Missile Turret  
  142  11:13  SCV  
  142  11:14  Supply Depot, SCV, Missile Turret  
  142  11:15  Missile Turret  
  142  11:16  Missile Turret  
  144  11:20  Factory  
  144  11:23  SCV  
  144  11:25  SCV  
  146  11:27  Factory Tech Lab  
  146  11:30  Thor  
  60  11:52  Siege Tank  
  60  11:53  Siege Tank  
  34  12:42  SCV  
  35  12:51  SCV  
  36  12:54  SCV  
  36  12:55  Factory Reactor  
  37  13:04  Factory Tech Lab  
  38  13:12  SCV  
  38  13:14  Siege Tank x2  
  38  13:15  Siege Tank  
  47  13:20  SCV  
  47  13:21  Command Center  
  47  13:25  Siege Tank  
  51  13:36  Siege Tank  
  51  13:37  Thor  
  60  13:46  SCV, Siege Tank  
  60  13:47  Siege Tank  
  67  13:57  SCV  
  67  14:02  Siege Tank  
  71  14:03  SCV  
  71  14:09  SCV  
Show
View Real Time Build Order
Export as new Build Order

Pumba Zerg - Winner!

Build Orders: Pool First 

Get SALT Encoding   

  12  0:00  Drone  
  13  0:13  Overlord  
  13  0:17  Drone  
  14  0:32  Drone x2  
  16  0:37  Drone  
  17  0:45  Spawning Pool  
  17  0:48  Drone  
  17  1:07  Hatchery  
  16  1:13  Drone  
  16  1:15  Extractor  
  16  1:21  Drone  
  16  1:22  Drone  
  18  1:29  Drone  
  19  1:34  Queen  
  19  1:39  Zergling x2  
  22  1:50  Overlord  
  22  2:12  Queen  
  22  2:14  Drone x2  
  26  2:28  Metabolic Boost  
  27  2:30  Drone x2  
  27  2:34  Drone x2  
  30  2:45  Hatchery  
  30  2:47  Drone  
  30  2:51  Drone x2  
  32  2:59  Overlord  
  32  3:01  Overlord  
  32  3:02  Queen  
  34  3:06  Drone x2  
  36  3:18  Drone x3  
  39  3:24  Drone x6  
  45  3:36  Overlord  
  45  3:39  Overlord  
  45  3:43  Queen x2  
  49  3:57  Drone x7  
  49  4:01  Zergling x8  
  60  4:10  Zergling x4  
  62  4:18  Overlord  
  62  4:19  Overlord  
  62  4:20  Overlord  
  62  4:38  Drone x6  
  68  4:42  Lair  
  68  4:43  Baneling Nest, Extractor  
  66  4:54  Drone  
  66  4:55  Drone  
  68  5:01  Drone x3  
  71  5:20  Roach Warren  
  71  5:21  Drone  
  71  5:23  Extractor  
  71  5:24  Drone x3, Extractor x2  
  71  5:25  Drone x4, Extractor  
  74  5:32  Overlord x4  
  74  5:34  Hatchery  
  73  5:37  Hatchery  
  73  5:40  Hatchery  
  71  5:46  Drone x2  
  71  5:49  Drone  
  75  5:50  Drone x2  
  75  5:51  Drone x3  
  75  5:53  Drone x3  
  82  6:05  Centrifugal Hooks, Spire  
  82  6:08  Drone x2  
  82  6:09  Drone x3  
  82  6:11  Evolution Chamber  
  84  6:12  Evolution Chamber  
  84  6:13  Baneling x4  
  84  6:14  Zergling x2, Baneling  
  84  6:15  Zergling x6  
  87  6:22  Zergling x14  
  94  6:34  Roach x3  
  94  6:36  Baneling x7  
  94  6:37  Baneling x2  
  97  6:46  Roach x4  
  104  6:53  Zergling x18  
  113  6:54  Baneling  
  113  6:55  Baneling  
  111  7:07  Zergling x12  
  97  7:53  Drone x4, Extractor x2  
  97  7:55  Drone x2  
  101  7:59  Hatchery  
  101  8:00  Zerg Melee Weapons Level 1  
  100  8:06  Mutalisk x6  
  100  8:07  Mutalisk x3  
  118  8:19  Zerg Missile Weapons Level 1  
  118  8:21  Glial Reconstitution  
  118  8:27  Overlord  
  118  8:30  Overlord x9  
  118  8:31  Overlord  
  118  8:52  Baneling  
  118  8:53  Baneling x3  
  118  9:07  Roach x7  
  118  9:08  Zergling x12, Roach x10  
  118  9:09  Zergling x6  
  159  9:38  Drone  
  159  9:39  Drone x5  
  165  9:48  Extractor  
  164  9:52  Extractor  
  164  9:54  Spine Crawler  
  164  9:58  Roach x11, Extractor  
  188  10:00  Roach x8, Extractor  
  188  10:01  Zergling x4  
  188  10:02  Baneling x10  
  188  10:03  Baneling x8  
  188  10:05  Spine Crawler  
  198  10:13  Spine Crawler  
  195  10:28  Zergling x14  
  195  10:31  Zerg Melee Weapons Level 2  
  195  10:32  Zerg Missile Weapons Level 2  
  200  10:53  Baneling x12  
  200  10:54  Baneling x8  
  96  12:24  Zerg Flyer Weapons Level 1  
  94  12:30  Drone x2  
  94  12:31  Drone  
  84  12:37  Zergling x22  
  84  12:41  Roach x11  
  112  12:48  Zergling x8  
  112  12:49  Zergling x6  
  112  12:50  Zergling x6  
  112  12:51  Zergling x4  
  124  13:18  Baneling  
  124  13:19  Baneling x20  
  124  13:20  Baneling  
  124  13:37  Zergling x2  
  124  13:38  Zergling x52  
  124  13:40  Roach x8  
  167  13:42  Baneling x4  
  166  13:58  Zergling x32  
Tags
 
Add a new tag
Caveats
  • Supply blocks, unpowered buildings, or Contaminate may cause inaccurate times.
  • Supply counts are checked every 10 seconds.